AoeStats
← [GG] Shevchenko 7

Nomad

510454416Analyzed
2v2 RM · 2d ago on Oct 1, 2026· 65m 29s· 4 players
Game mode
Random Map
Map size
176×176
Population
200
Speed
Normal
Resources
Standard
Victory
Conquest
Starting age
Dark Age
Ending age
Imperial Age
RankedLock teamsTeams togetherTeam positionsShared explorationLock speedFull tech treeHidden civsTurbo modeCheats
Victory
Defeat
🇲🇽 Bulgarians · Mexico
1034
+14
🇲🇽 Varangians · Mexico
993
+16
🇧🇷 Magyars · Brazil
1003
-15
🇧🇷 Persians · Brazil
980
-15
[GG] Shevchenko 7
4:11 Loom
4:29 Loom
14:46 Feudal Age
18:42 Double-Bit Axe
24:29 Padded Archer Armor
25:21 Fletching
31:40 Castle Age
30:05 Scale Mail Armor
50:28 Crossbowman
56:47 Kamandaran
59:52 Thumb Ring
62:04 Wheelbarrow
64:13 Hand Cart
[GG] Trezeguet
5:27 Loom
14:09 Feudal Age
15:25 Wheelbarrow
23:08 Castle Age
22:30 Double-Bit Axe
24:31 Horse Collar
24:51 Demolition Ship
25:53 Corvinian Army
26:22 Medium Warships
26:24 Fletching
29:37 Heavy Plow
31:59 Bow Saw
38:06 Imperial Age
36:58 Gold Mining
36:59 Stone Mining
37:11 Scale Mail Armor
37:17 Scale Barding Armor
37:24 Bloodlines
36:35 Light Cavalry
37:16 Husbandry
38:42 Hand Cart
39:52 Masonry
41:20 Pikeman
42:17 Chain Mail Armor
43:44 Chain Barding Armor
49:17 Halberdier
51:28 Heavy Scorpion
52:42 Bodkin Arrow
53:24 Plate Barding Armor
52:50 Padded Archer Armor
53:51 Bracer
Knight_Romero83
3:51 Loom
14:06 Feudal Age
16:06 Fishing Lines
17:53 Wheelbarrow
17:22 Arson
19:53 Fletching
22:07 Castle Age
23:08 Bodkin Arrow
24:38 Gillnets
25:24 Medium Warships
26:02 Double-Bit Axe
30:26 Horse Collar
32:42 Heavy Plow
37:54 Imperial Age
37:46 Hand Cart
38:04 Scale Barding Armor
38:09 Forging
40:23 Chain Barding Armor
40:38 Iron Casting
40:56 Stirrups
42:40 Elite Konnik
44:20 Pikeman
45:00 Squires
45:18 Scale Mail Armor
46:19 Blast Furnace
45:54 Plate Barding Armor
46:04 Crop Rotation
45:50 Bow Saw
47:36 Conscription
46:48 Halberdier
48:42 Bagains
53:14 Gold Mining
53:17 Stone Mining
54:33 Town Watch
54:46 Gambesons
55:22 Chain Mail Armor
55:07 Bracer
55:08 Padded Archer Armor
59:59 Gold Shaft Mining
60:00 Stone Shaft Mining
65:09 Plate Mail Armor
ReBeL_PuMa
6:41 Loom
15:49 Feudal Age
17:34 Town Watch
17:35 Double-Bit Axe
25:31 Castle Age
23:14 Horse Collar
24:30 Stone Mining
24:32 Gold Mining
25:35 Bloodlines
27:13 Wheelbarrow
27:12 Scale Barding Armor
27:21 Bow Saw
27:14 Heavy Plow
27:59 Stone Shaft Mining
38:26 Imperial Age
36:56 Hand Cart
37:47 Fletching
42:14 Conscription
43:48 Town Patrol
43:42 Gambesons
43:20 Pikeman
44:00 Squires
43:46 Arson
46:52 Halberdier
47:55 Scale Mail Armor
49:20 Chain Mail Armor
50:45 Treadmill Crane
51:04 Murder Holes
53:23 Plate Mail Armor
53:05 Forging
54:59 Iron Casting
56:40 Blast Furnace
57:02 Fishing Lines
59:24 Crop Rotation
61:14 Chemistry
62:08 Masonry
61:23 Elite Varangian Guard
64:38 Conscription
64:31 Siege Engineers
65:15 Chain Barding Armor
64:53 Bodkin Arrow
65:28 Architecture
65:20 Ballistics
Connection lost

Rejoining the realm…

Still unreachable

The connection could not be restored.

Session expired

The server has moved on; the page needs a fresh start.